Map: Batalha na Prancha LE

Players

IagoAbreu

  • Race: Protoss Protoss
  • Spawn Location: 1:00

didicks - Winner!

  • Race: Terran Terran
  • League: Silver
  • Spawn Location: 11:00

VOD

Have the link to the VOD?

Description

Time

  • Played on: Jan. 2, 2018, 8:34 p.m.
  • Length: 23:05
Show
View Real Time Build Order
Export as new Build Order

IagoAbreu Protoss 

Build Orders:  

Get SALT Encoding   

  12  0:02  Probe (Chrono Boost)  
  13  0:12  Probe (Chrono Boost)  
  14  0:20  Pylon  
  14  0:29  Probe  
  15  0:39  Pylon  
  15  0:41  Probe  
  16  0:52  Forge  
  16  0:59  Pylon  
  16  1:01  Probe  
  17  1:23  Pylon  
  17  1:36  Pylon  
  16  1:50  Probe (Chrono Boost)  
  18  2:01  Probe (Chrono Boost)  
  18  2:06  Probe (Chrono Boost)  
  19  2:13  Gateway  
  19  2:16  Gateway  
  19  2:17  Gateway  
  19  2:23  Pylon  
  19  2:26  Pylon  
  19  2:30  Pylon  
  18  3:14  Photon Cannon  
  18  3:16  Photon Cannon x2  
  18  3:21  Photon Cannon  
  18  3:25  Pylon  
  18  3:31  Cybernetics Core  
  18  3:40  Pylon  
  18  3:43  Pylon  
  18  3:46  Photon Cannon  
  18  3:47  Photon Cannon  
  18  3:56  Photon Cannon  
  18  4:30  Assimilator  
  18  4:36  Zealot x3  
  24  4:48  Nexus  
  24  5:03  Zealot x3  
  30  5:31  Probe (Chrono Boost)  
  31  5:41  Probe (Chrono Boost)  
  32  5:51  Zealot x3  
  38  6:01  Assimilator  
  38  6:02  Probe (Chrono Boost)  
  39  6:06  Warp Gate (Chrono Boost)  
  40  6:12  Probe (Chrono Boost)  
  40  6:17  Probe (Chrono Boost)  
  41  6:21  Probe (Chrono Boost)  
  43  6:27  Pylon, Probe (Chrono Boost)  
  43  6:29  Pylon  
  43  6:32  Pylon, Probe (Chrono Boost)  
  44  6:43  Probe  
  45  6:48  Zealot  
  47  6:55  Probe  
  47  6:57  Robotics Facility  
  48  7:01  Gateway  
  48  7:04  Gateway  
  48  7:06  Gateway  
  48  7:09  Pylon  
  48  7:14  Probe (Chrono Boost)  
  48  7:15  Zealot  
  52  7:24  Probe (Chrono Boost)  
  52  7:42  Zealot, Pylon  
  52  7:43  Pylon  
  53  7:54  Probe (Chrono Boost)  
  55  8:06  Photon Cannon x2, Probe (Chrono Boost)  
  55  8:08  Photon Cannon x2  
  55  8:11  Probe (Chrono Boost)  
  56  8:19  Photon Cannon x2  
  56  8:33  Probe (Chrono Boost)  
  57  8:39  Warp Prism  
  59  8:42  Probe (Chrono Boost)  
  59  8:46  Adept  
  59  8:47  Adept x2  
  59  8:48  Probe  
  67  9:00  Probe  
  68  9:09  Zealot x4  
  76  9:10  Zealot  
  76  9:13  Probe (Chrono Boost)  
  79  9:22  Probe (Chrono Boost)  
  80  10:01  Immortal  
  84  10:08  Pylon  
  84  10:16  Pylon  
  84  10:29  Adept  
  84  10:30  Adept x4  
  94  10:41  Immortal  
  48  11:11  Sentry x2  
  52  11:13  Stalker x4  
  46  11:42  Stalker  
  46  11:43  Stalker x2  
  52  12:10  Adept x5  
  62  12:18  Pylon  
  62  12:22  Pylon x2  
  62  12:42  Stalker  
  64  12:52  Nexus  
  64  13:20  Nexus  
  64  13:32  Observer  
  65  14:25  Robotics Bay  
  65  14:52  Pylon  
  65  14:55  Pylon  
  65  15:01  Stalker x6  
  77  15:42  Adept x5  
  85  15:43  Adept  
  89  15:59  Warp Prism (Chrono Boost)  
  91  16:12  Gateway  
  91  16:14  Gateway  
  91  16:17  Gateway  
  91  16:19  Gateway x2  
  91  16:22  Gateway  
  91  16:33  Colossus (Chrono Boost)  
  97  16:40  Protoss Ground Weapons Level 1 (Chrono Boost)  
  95  17:00  Extended Thermal Lance  
  91  17:10  Colossus (Chrono Boost)  
  77  17:28  Zealot  
  77  17:29  Zealot x5  
  83  17:37  Probe  
  84  17:50  Twilight Council, Probe  
  85  17:57  Disruptor (Chrono Boost)  
  88  18:27  Disruptor (Chrono Boost)  
  91  18:53  Stalker x2  
  91  18:54  Stalker x2  
  91  18:55  Stalker x4  
  55  19:29  Zealot x2  
  55  19:30  Zealot x3  
  55  19:31  Zealot x3  
  49  19:48  Zealot  
  17  21:47  Pylon  
  11  22:00  Pylon  
  11  22:04  Pylon  
  11  22:11  Pylon x2  
  11  22:12  Pylon x2  
  11  22:13  Pylon x2  
  11  22:14  Pylon  
  11  22:15  Pylon  
Show
View Real Time Build Order
Export as new Build Order

didicks Terran - Winner!

Build Orders:  

Get SALT Encoding   

  12  0:01  SCV  
  13  0:13  SCV  
  14  0:30  SCV  
  14  0:32  Supply Depot  
  15  0:54  SCV  
  16  0:57  Barracks  
  16  1:07  Barracks  
  16  1:08  Barracks  
  16  1:13  SCV  
  17  1:34  Supply Depot  
  17  1:45  Marine  
  18  2:10  Refinery  
  18  2:11  Marine x3  
  18  2:15  Refinery  
  21  2:28  Marine  
  21  2:29  Marine x2  
  24  2:46  Marine  
  24  2:47  Marine x2  
  27  3:03  Orbital Command  
  27  3:04  Marine x3  
  30  3:22  Marine, Supply Depot  
  31  3:35  Supply Depot  
  31  3:43  Marine x3  
  31  3:44  SCV  
  35  3:56  SCV  
  35  4:01  Marine  
  37  4:21  Command Center  
  37  4:31  Marine x3  
  40  4:51  Barracks Reactor  
  41  5:02  Barracks Reactor  
  40  5:07  Barracks Tech Lab  
  40  5:12  SCV  
  41  5:24  SCV  
  42  5:36  SCV  
  43  5:48  SCV  
  46  5:50  Marauder  
  46  5:58  Orbital Command  
  46  6:01  SCV  
  49  6:11  Marauder  
  49  6:13  SCV  
  49  6:15  Factory  
  52  6:32  Marauder  
  52  6:35  Supply Depot  
  52  6:42  SCV  
  52  6:43  SCV  
  54  6:52  Refinery  
  56  6:54  Marauder  
  56  6:58  Refinery  
  56  6:59  Supply Depot  
  56  7:14  Barracks  
  56  7:15  Marauder  
  58  7:21  Marine x2  
  58  7:22  Marine  
  61  7:23  Supply Depot  
  61  7:37  Marauder  
  63  7:43  SCV x2  
  65  7:50  Factory Tech Lab  
  65  7:55  SCV x2, Combat Shields  
  67  8:01  Starport  
  67  8:04  Supply Depot  
  67  8:07  SCV  
  67  8:08  SCV  
  69  8:19  SCV  
  70  8:34  Barracks Tech Lab  
  70  8:40  Factory Reactor  
  70  8:44  Starport Reactor  
  70  8:49  Barracks  
  70  8:53  Supply Depot  
  70  9:00  Engineering Bay  
  70  9:07  SCV x2  
  72  9:17  Concussive Shells  
  72  9:18  Stimpack  
  72  9:19  SCV x2  
  72  9:22  Cyclone x2  
  80  9:28  Terran Infantry Weapons Level 1  
  80  9:31  SCV x2  
  82  9:41  Sensor Tower  
  82  9:43  SCV x2  
  84  9:47  Supply Depot  
  84  9:54  Cyclone  
  84  9:55  SCV, Barracks Reactor  
  84  9:56  SCV  
  89  10:08  SCV x2  
  89  10:09  Cyclone  
  94  10:16  Supply Depot  
  94  10:19  Armory, Marauder x2  
  98  10:30  Marine x3  
  98  10:31  Marine x2  
  84  10:53  Marine  
  84  10:54  Marine x7  
  90  11:05  Cyclone  
  90  11:09  Cyclone  
  96  11:11  Marine  
  96  11:12  Marine x7  
  104  11:23  Supply Depot  
  104  11:29  Marine x3  
  101  11:41  Command Center  
  101  11:46  SCV x2  
  103  11:57  Medivac  
  103  11:58  SCV x2, Medivac  
  109  12:04  Terran Infantry Weapons Level 2  
  109  12:10  SCV x2, Supply Depot  
  111  12:22  SCV x2  
  112  12:27  Medivac, Refinery  
  112  12:28  Medivac  
  117  12:31  Refinery  
  117  12:34  SCV, Marauder  
  117  12:35  SCV, Marauder  
  123  12:47  SCV x2  
  125  12:58  Sensor Tower  
  125  12:59  SCV x2  
  130  13:05  Cyclone  
  130  13:06  Cyclone  
  130  13:11  SCV x2  
  135  13:23  SCV x2  
  137  13:28  Starport  
  137  13:30  Starport x2  
  137  13:31  Starport x2  
  137  13:35  SCV x2  
  137  13:37  Cyclone  
  137  13:38  Cyclone  
  145  13:50  Orbital Command  
  145  13:58  SCV x2  
  147  14:10  SCV x2  
  147  14:14  Starport Reactor x4  
  147  14:15  Starport Reactor  
  149  14:20  Supply Depot  
  149  14:21  Terran Infantry Armor Level 1  
  149  14:28  SCV x2  
  151  14:40  SCV x2  
  153  14:52  SCV x2, Command Center  
  155  14:53  Refinery  
  155  14:55  Sensor Tower  
  155  15:02  Refinery  
  155  15:06  Supply Depot  
  155  15:08  Cyclone x2  
  161  15:22  Viking  
  161  15:23  Viking  
  161  15:27  Viking x4  
  173  15:31  Supply Depot  
  173  15:38  Viking x4  
  173  15:40  Cyclone x2  
  187  15:52  Viking  
  187  15:53  Viking  
  191  15:57  Viking x4  
  199  16:29  Command Center  
  167  17:36  Marine  
  167  17:37  Marine x7  
  168  17:43  Refinery  
  175  17:54  Marine x7  
  175  17:55  Marine  
  183  17:58  Orbital Command  
  183  18:08  Refinery  
  183  18:12  Marine x8  
  191  18:29  Marine  
  191  18:30  Marine x7  
  199  18:48  Marine x2  
  157  19:10  Marine x8  
  165  19:28  Marine x8  
  172  19:46  Marine x8  
  180  20:04  Marine x8  
  184  20:22  Marine x2  
  158  21:03  Marine x8  
  166  21:21  Marine x8  
  174  21:31  Command Center  
  174  21:32  Refinery  
  174  21:34  Refinery  
  174  21:38  Marine  
  174  21:39  Marine x7  
  182  21:56  Marine  
  182  21:57  Marine x7  
  190  22:15  Marine x2  
Tags
 
Add a new tag
Caveats
  • Supply blocks, unpowered buildings, or Contaminate may cause inaccurate times.
  • Supply counts are checked every 10 seconds.